 Dungeon Crawl Stone Soup version 0.23.2-40-g277498a001 (webtiles) character file.

Game seed: 10650293582609505661

189 Descartes the Stinger (level 5, -5/34 HPs)
             Began as an Octopode Wanderer on Oct 13, 2019.
             Was a Follower of Sif Muna.
             Slain by an orc
             ... wielding a +0 war axe
              (9 damage)
             ... on level 4 of the Dungeon.
             The game lasted 00:08:29 (3693 turns).

Descartes the Stinger (Octopode Wanderer)           Turns: 3693, Time: 00:08:30

Health: -5/34      AC:  1    Str: 12    XL:     5   Next: 68%
Magic:  8/8        EV: 13    Int: 12    God:    Sif Muna [*.....]
Gold:   220        SH:  0    Dex: 14    Spells: 4/9 levels left

rFire    . . .     SeeInvis .   k - +1 spear (pierce)
rCold    . . .     Gourm    .   (no shield)
rNeg     . . .     Faith    .   (helmet restricted)
rPois    .         Spirit   .   (no amulet)
rElec    .         Reflect  .   (no ring)
rCorr    .         Harm     .   (no ring)
MR       .....                  (no ring)
Stlth    +++.......             (no ring)
HPRegen  0.11/turn              (no ring)
MPRegen  0.11/turn              (no ring)
                                (no ring)
                                (no ring)

@: no status effects
A: almost no armour, stealthy swim, amphibious, 8 rings, constrict 8, camouflage
1, gelatinous body 1
a: Divine Energy, Renounce Religion


You were on level 4 of the Dungeon.
You worshipped Sif Muna.
Sif Muna was aware of your devotion.
You were not hungry.

You visited 1 branch of the dungeon, and saw 4 of its levels.

You collected 220 gold pieces.

Inventory:

Hand Weapons
 a - a +0 dagger
 k - a +1 spear of piercing (weapon)
Missiles
 d - 36 arrows
 g - 5 needles of confusion
 n - 48 stones (quivered)
Jewellery
 r - an uncursed ring of wizardry
Scrolls
 b - 3 scrolls of teleportation
 c - 2 scrolls of random uselessness
 e - a scroll of immolation {unknown}
 h - a scroll of enchant armour {unknown}
 l - a scroll of remove curse
 o - a scroll of fog
 s - a scroll of noise {unknown}
 w - a scroll of identify {unknown}
Potions
 i - 4 potions of curing {unknown}
 j - 2 potions of lignification {unknown}
 m - a potion of might {unknown}
 p - a potion of berserk rage {unknown}
 t - a potion of degeneration {unknown}
 u - a potion of heal wounds {unknown}
 v - a potion of magic {unknown}
 x - a potion of brilliance {unknown}
 z - a potion of agility {unknown}
Comestibles
 f - 8 rations
 q - a chunk of flesh


   Skills:
 + Level 2.0 Fighting
   Level 2.0 Axes
 - Level 1.0 Throwing
 + Level 1.9 Dodging
 + Level 2.3 Stealth
 + Level 1.1 Unarmed Combat
 + Level 2.6 Spellcasting
 + Level 1.4 Conjurations
 - Level 1.4 Fire Magic
 + Level 1.4 Air Magic
 + Level 3.1 Poison Magic
   Level 1.1 Evocations


You had 4 spell levels left.
You knew the following spells:

 Your Spells              Type           Power        Failure   Level  Hunger
a - Sting                 Conj/Pois      #...         10%         1    #......
b - Flame Tongue          Conj/Fire      #....        14%         1    #......
c - Mephitic Cloud        Conj/Pois/Air  #.......     34%         3    ###....

Your spell library contained the following spells:

 Spells                   Type           Power        Failure   Level  Hunger
 Poisonous Vapours        Pois/Air       #.....       16%         2    ###....
 Animate Skeleton         Necr           N/A          26%         1    #......
 Apportation              Tloc           #.....       26%         1    #......
 Confusing Touch          Hex            #.....       26%         1    #......
 Sandblast                Erth           #.....       26%         1    #......
 Summon Small Mammal      Summ           #...         26%         1    #......
 Inner Flame              Hex/Fire       #.......     50%         3    ###....
 Stone Arrow              Conj/Erth      #.....       50%         3    ###....
 Olgreb's Toxic Radiance  Pois           #.......     56%         4    #####..
 Venom Bolt               Conj/Pois      #.........   95%         5    ######.


Dungeon Overview and Level Annotations

Branches:
Dungeon (4/15)
 Temple: D:4-7

Altars:
Hepliaklqana
Sif Muna


Innate Abilities, Weirdness & Mutations

You cannot wear most types of armour.
You are very stealthy in the water. (Stealth+)
You are amphibious.
You can wear up to eight rings at the same time.
You can use your tentacles to constrict eight enemies at once.
Your skin changes colour to match your surroundings (Stealth+).
Your rubbery body absorbs attacks. (AC +1, EV +1)


Message History

You hit the orc wizard.
The orc wizard is heavily wounded.
You constrict the orc wizard.
The orc wizard gestures at you while chanting.
The puff of frost hits you. The orc barely misses you.
You hit the orc wizard but do no damage.
You squeeze the orc wizard.
The orc wizard is severely wounded.
You constrict the orc wizard, but do no damage.
The orc wizard hits you with a +0 dagger.
The orc wizard barely misses you. The orc closely misses you.
You hit the orc wizard.
The orc wizard is severely wounded.
You constrict the orc wizard.
The orc wizard hits you with a +0 dagger.
The orc wizard points at you and mumbles some strange words.
The puff of frost hits you!
* * * LOW HITPOINT WARNING * * *
The orc hits you with a +0 war axe!
You die...

######
#....#
#....#
#....##
#loo..# #@#
#o# #.# #.#
#.# ###'##
#....#
#....#
#....#######


You could see 2 orc wizards, an orc and a frilled lizard.

Vanquished Creatures
  A centaur skeleton (D:3)
  A worker ant (D:4)
  5 adders
  An ooze (D:3)
  4 worms
  2 leopard geckos
  3 orcs (D:3)
  5 bats
  9 giant cockroaches
  10 hobgoblins
  3 jackals
  5 kobolds
  A quokka (D:4)
  3 ball pythons
  7 frilled lizards
  6 goblins
  6 rats
72 creatures vanquished.

Notes
Turn   | Place    | Note
-------+----------+-------------------------------------------
     0 | D:1      | Descartes the Octopode Wanderer began the quest for the
                  | Orb.
     0 | D:1      | Descartes set off with the following items: a +0 dagger, a
                  | ration; and the following spells available to memorise:
                  | Sting, Flame Tongue, Poisonous Vapours, Sandblast, Mephitic
                  | Cloud, Inner Flame, Stone Arrow, Olgreb's Toxic Radiance,
                  | Venom Bolt
     0 | D:1      | Reached XP level 1. HP: 13/13 MP: 3/3
     2 | D:1      | Learned a level 1 spell: Sting
     4 | D:1      | Learned a level 1 spell: Flame Tongue
   233 | D:1      | Reached XP level 2. HP: 15/18 MP: 5/5
  1046 | D:2      | Reached skill level 1 in Stealth
  1129 | D:2      | Reached XP level 3. HP: 23/23 MP: 6/6
  1154 | D:2      | Learned a level 3 spell: Mephitic Cloud
  1177 | D:2      | HP: 1/23 [worm (6)]
  1579 | D:2      | Reached skill level 1 in Dodging
  1639 | D:2      | Found a deep blue altar of Sif Muna.
  1763 | D:2      | You fall through a shaft!
  1770 | D:3      | Reached XP level 4. HP: 25/28 MP: 7/7
  1879 | D:2      | Found a hazy altar of Hepliaklqana.
  2406 | D:3      | Reached skill level 1 in Conjurations
  2653 | D:3      | Found a faded altar of an unknown god.
  2670 | D:3      | Became a worshipper of Sif Muna the Loreminder
  2670 | D:3      | Reached * piety under Sif Muna
  3026 | D:3      | Reached XP level 5. HP: 29/34 MP: 8/8
  3029 | D:3      | Reached skill level 1 in Air Magic
  3224 | D:3      | Reached skill level 1 in Unarmed Combat
  3224 | D:3      | Reached skill level 3 in Poison Magic
  3693 | D:4      | Slain by an orc

Skill      XL: |  1  2  3  4  5 |
---------------+----------------+-----
Stealth        | 1 2 |  2.3
Dodging        | 1 |  1.9
Conjurations   | 1 |  1.4
Air Magic      | 1 |  1.4
Unarmed Combat | 1 |  1.1
Poison Magic   | 3 |  3.1
Fighting       | 2 |  2.0
Axes           | |  2.0
Throwing       | |  1.0
Spellcasting   | |  2.6
Fire Magic     | |  1.4
Evocations     | |  1.1

Action                   |  1- 3 |  4- 6 || total
-------------------------+-------+-------++-------
Melee: Dagger            |    39 |       ||    39
       Tentacles         |    13 |    13 ||    26
       Constrict         |    18 |    20 ||    38
       Spear             |    45 |   103 ||   148
       Punch             |       |     1 ||     1
  Use: Scroll            |       |     4 ||     4
 Stab: Sleeping          |    10 |    14 ||    24
  Eat: Chunk             |     3 |     6 ||     9
Armor: Skin              |     3 |     6 ||     9
Dodge: Dodged            |    46 |    52 ||    98
